Map: Alcyone LE

Players

HeroMarine - Winner!

  • Race: Terran Terran
  • League: Grandmaster
  • Spawn Location: 7:00

Mixu

  • Race: Zerg Zerg
  • League: Grandmaster
  • Spawn Location: 1:00

Event: HomeStory Cup XXV

VOD

Have the link to the VOD?

Description

Time

  • Played on: June 22, 2024, 11:03 a.m.
  • Length: 9:19

All games in this series

Show
View Real Time Build Order
Export as new Build Order

HeroMarine Terran - Winner!

Build Orders: Reaper Expand, Hellion Banshee 

Get SALT Encoding   

  12  0:00  SCV  
  13  0:12  SCV  
  14  0:16  Supply Depot  
  14  0:24  SCV  
  15  0:38  SCV  
  15  0:40  Barracks  
  15  0:42  Refinery  
  16  0:50  SCV  
  17  1:02  SCV  
  18  1:14  SCV  
  19  1:26  Orbital Command, Reaper  
  20  1:38  Command Center  
  20  1:46  Supply Depot  
  20  1:52  SCV  
  21  1:58  Marine  
  22  2:04  SCV  
  23  2:09  Factory  
  23  2:16  SCV  
  25  2:23  Barracks Reactor  
  25  2:28  SCV  
  25  2:36  Command Center  
  25  2:40  SCV  
  26  2:51  Orbital Command  
  26  2:52  SCV  
  27  3:00  Starport  
  27  3:04  SCV  
  28  3:06  Refinery  
  28  3:09  Hellion  
  32  3:13  Hellion  
  32  3:14  Barracks Tech Lab  
  32  3:17  SCV x2  
  34  3:29  SCV x2  
  34  3:31  Hellion  
  40  3:34  Hellion  
  40  3:41  SCV  
  40  3:42  SCV  
  40  3:44  Marine, Banshee  
  46  3:48  Orbital Command  
  46  3:53  SCV  
  46  3:54  SCV  
  48  3:57  Cloaking Field  
  48  3:59  Hellion  
  48  4:00  Hellion  
  52  4:06  SCV x2  
  52  4:08  Supply Depot  
  54  4:10  Barracks Tech Lab  
  54  4:11  Orbital Command  
  54  4:18  SCV  
  54  4:19  SCV  
  54  4:21  Hellion x2  
  60  4:29  Banshee  
  60  4:30  Supply Depot, SCV, Marine  
  60  4:31  SCV  
  66  4:37  Stimpack  
  66  4:39  SCV  
  66  4:43  SCV x2  
  69  4:47  Barracks  
  69  4:48  Barracks  
  69  4:52  SCV, Marine  
  71  4:53  Supply Depot, Factory Reactor  
  71  4:55  SCV x2  
  71  4:58  Refinery  
  71  4:59  Refinery  
  73  5:04  SCV, Engineering Bay  
  75  5:07  SCV x2, Engineering Bay  
  75  5:10  Marine  
  77  5:16  Supply Depot, SCV  
  77  5:19  SCV x2  
  80  5:26  Barracks  
  80  5:28  SCV, Marine, Barracks  
  82  5:29  Starport Reactor  
  82  5:31  SCV x2  
  82  5:34  Terran Infantry Weapons Level 1, Terran Infantry Armor Level 1  
  84  5:40  SCV  
  85  5:43  SCV x2  
  85  5:44  Siege Tank  
  85  5:45  Marine x2  
  92  5:52  SCV  
  92  5:56  Marine x2  
  93  6:01  SCV x2  
  93  6:05  Supply Depot x2  
  93  6:12  SCV, Marine  
  93  6:13  SCV x2  
  93  6:14  Marine x4  
  93  6:20  Barracks Reactor x2  
  93  6:21  Medivac x2  
  93  6:22  Siege Tank  
  93  6:24  SCV  
  93  6:26  SCV x2  
  93  6:28  Refinery  
  93  6:29  Refinery  
  93  6:30  Marine  
  93  6:31  Marine x2  
  93  6:32  Marine  
  99  6:35  Combat Shield  
  99  6:36  SCV  
  99  6:38  SCV x2  
  99  6:39  Factory  
  102  6:42  Command Center  
  102  6:43  Marine  
  103  6:47  Marine  
  103  6:49  Marine  
  103  6:51  Marine x2  
  110  6:59  Supply Depot, Marine x4  
  110  7:00  Supply Depot  
  111  7:01  Marine  
  111  7:05  Marine  
  111  7:07  Marine  
  114  7:09  Marine x2  
  116  7:16  Marine  
  116  7:19  Armory  
  116  7:20  Siege Tank, Marine x4  
  116  7:21  Supply Depot  
  116  7:22  Supply Depot  
  124  7:23  Marine  
  124  7:25  Marine  
  124  7:27  Marine x2  
  126  7:30  Factory Reactor, Medivac  
  126  7:32  Medivac, Factory Tech Lab  
  126  7:34  Marine  
  131  7:38  Marine x2  
  131  7:42  Marine x3  
  131  7:43  Marine  
  136  7:45  Supply Depot x2, Marine x2  
  138  7:52  Siege Tank, Marine  
  138  7:53  Siege Tank  
  138  7:56  Marine x2  
  147  7:59  Marine  
  147  8:00  Marine x2, Medivac  
  147  8:01  Marine  
  147  8:02  SCV x3, Marine, Medivac  
  159  8:08  Marine  
  159  8:10  Marine  
  160  8:14  Marine x2  
  162  8:21  Barracks x2  
  162  8:22  Barracks  
  162  8:24  Siege Tank  
  162  8:25  Siege Tank  
  164  8:32  Marine  
  164  8:33  Marine  
  153  8:44  Marine x2  
  153  8:47  Marine x2  
  150  8:49  Marine x2  
  150  8:50  Marine x2  
  150  8:53  Marine  
  145  9:17  Barracks Tech Lab x3  
Show
View Real Time Build Order
Export as new Build Order

Mixu Zerg 

Build Orders: Hatch First 

Get SALT Encoding   

  12  0:00  Drone  
  13  0:12  Overlord  
  13  0:18  Drone  
  14  0:30  Drone  
  14  0:31  Drone  
  16  0:49  Hatchery  
  15  0:52  Drone  
  15  0:55  Drone  
  17  0:58  Drone  
  18  1:09  Extractor  
  17  1:13  Spawning Pool  
  17  1:16  Drone  
  17  1:20  Drone  
  18  1:28  Drone  
  19  1:41  Drone  
  20  1:50  Overlord  
  20  2:00  Queen x2  
  24  2:01  Zergling x2  
  24  2:03  Zergling x2  
  26  2:13  Drone x2  
  26  2:14  Metabolic Boost  
  28  2:21  Drone  
  28  2:22  Drone  
  29  2:38  Hatchery  
  29  2:41  Drone  
  29  2:47  Queen  
  30  2:51  Overlord  
  30  2:55  Drone  
  30  2:57  Drone  
  32  3:01  Drone x2  
  34  3:08  Drone  
  34  3:10  Queen  
  37  3:14  Overlord  
  37  3:17  Drone  
  37  3:18  Drone  
  39  3:21  Drone  
  39  3:23  Drone x2  
  42  3:32  Queen  
  46  3:34  Drone x2  
  46  3:42  Drone  
  46  3:43  Overlord  
  46  3:44  Drone x2  
  49  3:51  Drone  
  49  3:52  Queen  
  49  3:53  Overlord  
  49  3:54  Drone  
  53  3:59  Queen  
  53  4:00  Zergling x2  
  53  4:02  Zergling x2  
  57  4:04  Drone  
  57  4:07  Drone  
  59  4:10  Overlord  
  59  4:12  Drone x3  
  59  4:15  Overlord  
  62  4:18  Drone x2  
  62  4:22  Zergling x2  
  65  4:27  Lair  
  65  4:28  Drone x2  
  65  4:31  Overlord  
  67  4:32  Drone x2  
  67  4:35  Drone x2  
  71  4:42  Drone x4  
  71  4:43  Drone x2, Spore Crawler  
  76  4:48  Spore Crawler  
  76  4:50  Spore Crawler  
  74  4:54  Hatchery  
  74  4:58  Drone x4  
  77  5:02  Drone x3, Extractor  
  77  5:05  Extractor  
  78  5:07  Baneling Nest  
  78  5:09  Zergling x6  
  78  5:11  Zergling x4  
  82  5:17  Overlord  
  82  5:18  Queen  
  82  5:19  Zergling x4  
  84  5:21  Zergling x4, Extractor  
  84  5:22  Zergling x2  
  84  5:24  Drone  
  84  5:27  Drone  
  84  5:28  Drone  
  88  5:29  Evolution Chamber  
  88  5:31  Drone  
  88  5:33  Drone  
  89  5:37  Overseer, Overlord  
  89  5:47  Drone  
  89  5:48  Overlord  
  90  5:50  Drone  
  90  5:52  Queen  
  90  5:54  Queen  
  90  5:56  Overlord  
  89  5:57  Zergling x18  
  89  6:00  Zerg Ground Armor Level 1  
  89  6:01  Drone  
  89  6:02  Drone  
  89  6:03  Extractor  
  90  6:17  Drone x3  
  88  6:25  Drone x5  
  92  6:30  Centrifugal Hooks  
  92  6:32  Evolution Chamber  
  91  6:33  Hydralisk Den  
  91  6:37  Drone  
  91  6:40  Hatchery  
  91  6:42  Drone x6  
  91  6:44  Drone x2  
  98  6:50  Drone x5  
  98  6:53  Drone x3  
  106  6:59  Hatchery  
  106  7:00  Zergling x8  
  109  7:02  Baneling  
  109  7:03  Baneling x6  
  109  7:04  Zerg Melee Weapons Level 1  
  109  7:07  Queen  
  111  7:08  Zergling x10  
  111  7:12  Zergling x2  
  111  7:15  Zergling x2  
  118  7:19  Zergling x8  
  118  7:20  Muscular Augments  
  118  7:21  Overlord x2  
  122  7:26  Overlord  
  120  7:33  Baneling x4  
  120  7:34  Overlord x2  
  120  7:36  Overlord x2  
  120  7:41  Zergling x18  
  126  7:47  Hydralisk x5  
  126  7:50  Overlord  
  136  7:51  Hydralisk x2  
  136  7:55  Zergling x2  
  136  7:56  Spore Crawler x2  
  139  8:01  Zergling x4  
  139  8:02  Zergling x4  
  139  8:05  Zergling x4  
  145  8:10  Zergling x10  
  145  8:11  Baneling x6  
  145  8:12  Baneling x5  
  144  8:16  Zergling x14  
  150  8:21  Zergling x8  
  150  8:22  Zergling x2  
  150  8:23  Zergling x2  
  150  8:24  Zergling x2  
  152  8:27  Zergling x2  
  152  8:30  Zergling x4  
  152  8:33  Zergling x12  
  157  8:39  Zergling x8  
  149  8:43  Zergling x8  
  149  8:45  Zergling x2  
  131  8:52  Zergling x12  
  133  8:57  Zergling x6  
  133  9:02  Zergling x8  
Tags
 
Add a new tag
Caveats
  • Supply blocks, unpowered buildings, or Contaminate may cause inaccurate times.
  • Supply counts are checked every 10 seconds.